 Dungeon Crawl Stone Soup version 0.26-a0-668-gd58323b419 (webtiles) character file.

Game seed: 13482366908392275205

28 imWUMPUS the Conjurer (level 2, 22/22 HPs)
             Began as a Draconian Conjurer on Oct 19, 2020.
             Quit the game on level 1 of the Dungeon.
             The game lasted 00:04:43 (1170 turns).

imWUMPUS the Conjurer (Draconian Conjurer)          Turns: 1170, Time: 00:04:44

Health: 22/22      AC:  4    Str:  9    XL:     2   Next: 96%
Magic:  3/5        EV: 12    Int: 18    God:
Gold:   35         SH:  0    Dex:  9    Spells: 2/5 levels left

rFire    . . .     SeeInvis .   f - +0 dagger
rCold    . . .     Faith    .   (no shield)
rNeg     . . .     Spirit   .   (armour unavailable)
rPois    .         Reflect  .   (helmet restricted)
rElec    .         Harm     .   (no cloak)
rCorr    .         Rampage  .   (no gloves)
MR       .....                  (no boots)
Stlth    ++........             (no amulet)
HPRegen  0.07/turn              (no ring)
MPRegen  0.09/turn              (no ring)

@: no status effects
A: unfitting armour, cold-blooded, AC +4
a: no special abilities


You were on level 1 of the Dungeon.
You visited 1 branch of the dungeon, and saw 1 of its levels.

You collected 35 gold pieces.

Inventory:

Hand Weapons
 f - a +0 dagger (weapon)
Missiles
 d - 43 stones (quivered)
Jewellery
 a - an uncursed ring of protection from cold
 i - an uncursed ring of protection from cold
Scrolls
 e - a scroll of remove curse {unknown}
 h - a scroll of identify {unknown}
 k - a scroll of amnesia {unknown}
Potions
 b - a potion of brilliance {unknown}
 c - a potion of flight {unknown}
 g - 2 potions of haste {unknown}
 j - a potion of cancellation {unknown}


   Skills:
 + Level 0.4 Fighting
 - Level 0.2 Short Blades
 - Level 2.1 Dodging
 - Level 2.0 Stealth
 + Level 2.2 Spellcasting
 + Level 4.4 Conjurations


You had 2 spell levels left.
You knew the following spells:

 Your Spells              Type           Power        Failure   Level
a - Magic Dart            Conj           ###.         3%          1
b - Searing Ray           Conj           ###...       4%          2

Your spell library contained the following spells:

 Spells                   Type           Power        Failure   Level
 Dazzling Flash           Conj/Hex       #.....       22%         3
 Fulminant Prism          Conj/Hex       #.........   56%         4
 Iskenderun's Mystic Bla  Conj/Tloc      #.......     56%         4


Dungeon Overview and Level Annotations

Branches:
Dungeon (1/15)

Altars:


Innate Abilities, Weirdness & Mutations

Your plain brown scales are hard. (AC +4)
You cannot fit into any form of body armour.
You are cold-blooded and may be slowed by cold attacks.


Message History

A kobold is nearby!
A kobold is nearby!
A kobold is nearby!
Casting: Magic Dart (safe; 3% risk of failure)
Confirm with . or Enter, or press ? or * to list all spells.
Aiming: Magic Dart (safe; 3% risk of failure)
Press: ? - help, Shift-Dir - straight line, f - kobold
Aim: a kobold, wielding a +0 short sword and quivering 4 stones The magic dart hits the kobold but does no damage.
The kobold throws a stone.
The stone hits you.
Casting: Magic Dart (safe; 3% risk of failure)
Confirm with . or Enter, or press ? or * to list all spells.
Aiming: Magic Dart (safe; 3% risk of failure)
Press: ? - help, Shift-Dir - straight line, f/p - kobold
Aim: a kobold, wielding a +0 short sword and quivering 3 stones The magic dart hits the kobold but does no damage.
The kobold throws a stone.
The stone hits you but does no damage.
Quiver which item? (- for none, * to show all) (? for menu, Esc to quit)
Okay, then.
Are you sure you want to abandon this character and quit the game? (Confirm with "yes".)

#.# #.# #.# #.# #.# #.
##'###.###'###.# .K #.# #.
..........(..'.# .# #.# ##
##'###.###'###.##.# #.# #†# #.#
#.# #..#.# #.# #.###.###.# #..#.#
#.# #...'.'...# #..#.# #.#
#####.##### #..#.#####.#########
#.# #..@................
######'#######..#.#.############.
................#.#.# #.
##...#####.#....#.#.# #. ###.##
#.(##..).#)# #. ....#
#..........# #. .####
#..........# #. .# #..........#
#. ^# #..........# #####


You could see a kobold.

Vanquished Creatures
  An ooze (D:1)
  A giant cockroach (D:1)
  6 goblins (D:1)
  4 hobgoblins (D:1)
  3 bats (D:1)
  2 frilled lizards (D:1)
  5 kobolds (D:1)
22 creatures vanquished.

Notes
Turn   | Place    | Note
-------+----------+-------------------------------------------
     0 | D:1      | imWUMPUS the Draconian Conjurer began the quest for the
                  | Orb.
     0 | D:1      | Reached XP level 1. HP: 14/14 MP: 3/3
   409 | D:1      | Reached XP level 2. HP: 20/20 MP: 1/5
   414 | D:1      | Learned a level 2 spell: Searing Ray
  1170 | D:1      | Quit the game

Illustrated notes

Levels and vault maps discovered:
D:1:      dpeg_arrival_tiny_a, layout_basic, minmay_door_square

Skill      XL: |  1  2 |
---------------+-------+-----
Dodging        | 2 |  2.1
Stealth        | 2 |  2.0
Fighting       | |  0.4
Short Blades   | |  0.2
Spellcasting   | |  2.2
Conjurations   | |  4.4

Action                   || total
-------------------------++-------
Melee: Unarmed           ||    39
       Tailslap          ||     1
       Dagger            ||    25
 Cast: Magic Dart        ||    34
       Searing Ray       ||     1
 Stab: Sleeping          ||     2
Armor: Skin              ||    34
Dodge: Dodged            ||    51

Table legend: (Time is in decaauts)
 A = Elapsed time spent in this place.
 B = Non-inter-level travel time spent in this place.
 C = Inter-level travel time spent in this place.
 D = Time resting spent in this place.
 E = Time spent auto-exploring this place.
 F = Levels seen in this place.
 G = Mean time per level.
                   A        B        C        D        E       F      G
               +--------+--------+--------+--------+--------+-----+--------+
         Total |   1169 |   1169 |      0 |    153 |    679 |   1 | 1169.0 |
       Dungeon |   1169 |   1169 |      0 |    153 |    679 |   1 | 1169.0 |
               +--------+--------+--------+--------+--------+-----+--------+

Top non-repeatable levels by time:
     D:1: 1169 daAuts
